cohdb
Replays
Latest Replays
All Replays
Popular Replays
Top Player Replays
Match Explorer
How It Works
Community
CoH3 Stats
Reddit
Sign in to upload your games and track your stats! →
Sign in with Steam
Match 41446611
Unlisted
Match 41446611
Overview
Messages
Build Orders
End
Kradschützen Motorcycle Team
Panzerpioneer Squad
250 Light Carrier
Construct Light Support Kompanie
MG34 Team
MG34 Team
Selects Italian Infantry
Panzerjäger Squad
Selects Guastatori Squad
Guastatori Squad
Assault Mechanized Group
Guastatori Squad
Selects L6/40 Light Tank Combat Group
Selects Towed Cannone da 105/28 Field Howitzer
Towed Cannone da 105/28 Field Howitzer
Selects Defensive Operations
Fire Support Elements
Construct Panzerarmee Kommand
Armored Reserves
Selects Prepared Positions
Panzer IV Assault Group
Spaghetti
Tea
0
0
Comments
sign in to comment!
No comments posted yet!